 Dungeon Crawl Stone Soup version 0.30-a0-748-ge6a52f7cba (webtiles) character file.

Game seed: 421451931288408312

383 Dittersdorf the Trooper (level 6, -4/40 HPs)
             Began as a Gargoyle Fighter on Feb 8, 2023.
             Killed from afar by Dowan (11 damage)
             ... with a shard of ice
             ... on level 4 of the Dungeon.
             The game lasted 00:05:01 (3804 turns).

Dittersdorf the Trooper (Gargoyle Fighter)          Turns: 3804, Time: 00:05:01

Health: -4/40      AC: 14    Str: 22    XL:     6   Next: 76%
Magic:  6/6        EV:  8    Int:  8    God:
Gold:   127        SH:  8    Dex:  9    Spells: 5/5 levels left

rFire   . . .      SeeInvis .    w - +0 flail (holy)
rCold   + . .      Faith    .    q - +0 kite shield
rNeg    + . .      Spirit   .    b - +0 scale mail
rPois   ∞          Reflect  .    r - +0 helmet
rElec   +          Harm     .    (no cloak)
rCorr   +          Rampage  .    l - +0 pair of gloves
Will    .....                    (no boots) Stlth
                                 t - amulet of magic regeneration
HPRegen 0.26/turn                c - ring of protection from cold
MPRegen 0.50/turn                n - ring of resist corrosion

@: mighty
A: sickness immunity, AC +4, negative energy resistance 1, electricity
resistance, torment resistance 1, petrification resistance
a: no special abilities


You were on level 4 of the Dungeon.
You visited 2 branches of the dungeon, and saw 5 of its levels.

You collected 127 gold pieces.

Inventory:

Hand Weapons
 a - a +0 morningstar
 w - a +0 flail of holy wrath (weapon)
Armour
 b - a +0 scale mail (worn)
 l - a +0 pair of gloves (worn)
 q - a +0 kite shield (worn)
 r - a +0 helmet (worn)
Jewellery
 c - a ring of protection from cold (left hand)
 h - a ring of ice
 n - a ring of resist corrosion (right hand)
 t - an amulet of magic regeneration (around neck)
Wands
 v - a wand of flame (10)
Scrolls
 g - a scroll of fear {unknown}
 p - a scroll of silence
Potions
 d - a potion of might
 e - 3 potions of brilliance {unknown}
 f - a potion of attraction {unknown}
 i - a potion of curing {unknown}
 j - a potion of invisibility {unknown}
 k - 2 potions of haste {unknown}
 u - a potion of flight


   Skills:
 + Level 4.9 Fighting
 + Level 3.8 Maces & Flails
 + Level 4.9 Armour
 + Level 4.9 Shields


You had 5 spell levels left.
You didn't know any spells.
Your spell library contained the following spells:

 Spells                   Type           Power      Damage    Failure   Level
 Beastly Appendage        Tmut           0%         N/A       97%         1
 Magic Dart               Conj           0%         1d3       97%         1
 Searing Ray              Conj           0%         2d4       99%         2
 Wereblood                Tmut           0%         N/A       99%         2
 Spider Form              Tmut/Pois      0%         N/A       100%        3
 Fulminant Prism          Conj/Hex       0%         3d5       100%        4


Dungeon Overview and Level Annotations

Branches:
Dungeon (4/15)             Temple (1/1) D:4

Altars:
Ashenzari
Cheibriados
Dithmenos
Fedhas
Hepliaklqana
Kikubaaqudgha
Qazlal
Ru
Trog
Uskayaw
Vehumet
Xom
Yredelemnul
Zin
The Shining One

Annotations:
D:4 2 runed translucent doors, Dowan; sircluck's ghost, amateur SpHu


Innate Abilities, Weirdness & Mutations

You are immune to sickness and miasma.
Your stone body is resilient. (AC +4)
You are immune to poison.
You resist negative energy. (rN+)
You are resistant to electric shocks. (rElec)
You are resistant to unholy torment.
You are immune to petrification.


Message History

Dowan casts a spell.
Dowan blinks!
m - a poisoned dart
There are no items here.
You start resting.
Dowan is nearby!
Throw: dart (poison)
Press: ? - help, Q - select action, (/) - cycle Shift-Dir - straight line, f/p - Dowan
Aim: Dowan, wielding a +0 dagger, wearing a +0 robe and wearing a +5 ring of evasion (moderately wounded, fast, 23% to hit)
You throw a poisoned dart. The poisoned dart closely misses Dowan.
Dowan points at you and mumbles some strange words.
The stone arrow hits you.
* * * LOW HITPOINT WARNING * * *
Dowan gestures wildly while chanting.
Dowan blinks!
You barely miss Dowan.
Dowan is moderately wounded.
Dowan hits you but does no damage. Dowan hits you with a +0 dagger.
* * * LOW HITPOINT WARNING * * *
Dowan hits you with a +0 dagger.
* * * LOW HITPOINT WARNING * * *
You miss Dowan.
Dowan is moderately wounded.
Dowan barely misses you. You block Dowan's attack.
You barely miss Dowan.
Dowan is moderately wounded.
Dowan hits you but does no damage. Dowan barely misses you.
You feel very mighty all of a sudden.
Dowan says, "How can I live without her?"
You block Dowan's attack.
You closely miss Dowan.
Dowan is moderately wounded.
You block Dowan's attack. Dowan hits you but does no damage.
You sock Dowan!
Dowan is almost dead.
Dowan mumbles some strange words.
Dowan blinks!
Dowan gestures at you while chanting. The shard of ice hits you!
You partially resist.
You die...

*,,,,,,,,,*,* #........
*,****,**,#.##### ####.#######
*,* *,**,#...).# #..........# *,*
*,*#,****#.# #..........# *,*
*,*#'###*#.# #...[......# *,*
*,,......#(# #..........# *,*
*,,......#.#####..........# *,*
*,,.(..........#..........# *,*
*,,....e.>@....#..........# *,*
*,,........#..............# *,*
*,,........#..............#
**,****,*######.(#.#..###.#######
*,,,,,*,* #..#.#......###
*****,*,* #..#.##.###...# *,*,*
#..#.##.###.#.#####
*,*,******#..#..............(
*,*,,,,,,,,,,#.##............


You could see Dowan (fast).

Vanquished Creatures
  Duvessa (D:4)
  A phantom (D:4)
  An orc priest (D:3)
  Terence (D:3)
  Robin (D:3)
  5 gnolls
  2 adders
  2 worms (D:2)
  A dart slug (D:1)
  5 orcs
  3 endoplasms
  2 giant cockroaches
  12 goblins
  5 hobgoblins
  2 jackals (D:2)
  4 kobolds
  5 quokkas
  10 ball pythons
  3 bats
  3 frilled lizards
  7 rats
76 creatures vanquished.

Notes
Turn   | Place    | Note
-------+----------+-------------------------------------------
     0 | D:1      | Dittersdorf the Gargoyle Fighter began the quest for the
                  | Orb.
     0 | D:1      | Reached XP level 1. HP: 14/14 MP: 1/1
   130 | D:1      | Reached XP level 2. HP: 2/19 MP: 2/2
   315 | D:1      | Reached XP level 3. HP: 17/24 MP: 3/3
   877 | D:2      | Found a bloodstained altar of Trog.
  1002 | D:2      | Reached XP level 4. HP: 28/29 MP: 4/4
  1596 | D:3      | Noticed Robin
  1603 | D:3      | Killed Robin
  1807 | D:3      | Reached XP level 5. HP: 28/33 MP: 5/5
  2095 | D:3      | Noticed Terence
  2111 | D:3      | Killed Terence
  2352 | D:4      | Found a large runed translucent door.
  2352 | D:4      | Found a large runed translucent door.
  2355 | D:4      | Noticed sircluck's ghost (amateur SpHu)
  2692 | D:4      | Found a staircase to the Ecumenical Temple.
  2701 | Temple   | Entered the Ecumenical Temple
  3166 | D:4      | Found a broken altar of Ashenzari.
  3351 | D:4      | Noticed Dowan
  3431 | D:4      | Noticed a phantom
  3706 | D:4      | Killed a phantom
  3707 | D:4      | Reached XP level 6. HP: 39/39 MP: 6/6
  3755 | D:4      | Noticed Duvessa
  3770 | D:4      | Killed Duvessa
  3804 | D:4      | Killed from afar by Dowan

Illustrated notes

Levels and vault maps discovered:
D:1:      lemuel_arrival_muddy, layout_loops_ring
D:2:      layout_basic, basic_altar
D:3:      layout_basic, serial_bayou, serial_bayou_pond_b,
          serial_bayou_lagoon_b, serial_bayou_pond_d, serial_bayou_ford_a,
          uniq_robin, uniq_terence
D:4:      layout_basic, nicolae_ashenzari_skybound,
          minmay_temple_entry_statues_fountains, ebering_ghost_disaster_area,
          uniq_duvessa, uniq_pikel
Temple:   nicolae_temple_figure_eight

Skill      XL: |  1  2  3  4 |
---------------+-------------+-----
Fighting       | 4 |  4.9
Shields        | 4 |  4.9
Armour         | 4 |  4.9
Maces & Flails | 3 |  3.8

Action                     |  1- 3 |  4- 6 || total
---------------------------+-------+-------++-------
  Melee: Flail             |    93 |   203 ||   296
  Throw: Dart              |       |     9 ||     9
    Use: Scroll            |       |     7 ||     7
         Potion            |       |     1 ||     1
 Armour: Scale mail        |    56 |   147 ||   203
  Dodge: Dodged            |    46 |    87 ||   133
  Block: Buckler           |    15 |     9 ||    24
         Kite shield       |       |   100 ||   100

Table legend: (Time is in decaauts)
 A = Elapsed time spent in this place.
 B = Non-inter-level travel time spent in this place.
 C = Inter-level travel time spent in this place.
 D = Time resting spent in this place.
 E = Time spent auto-exploring this place.
 F = Levels seen in this place.
 G = Mean time per level.
                   A        B        C        D        E       F      G
               +--------+--------+--------+--------+--------+-----+--------+
         Total |   3940 |   3831 |    109 |    692 |   2333 |   5 |  788.0 |
       Dungeon |   3724 |   3626 |     98 |    692 |   2134 |   4 |  931.0 |
        Temple |    215 |    204 |     11 |      0 |    199 |   1 |  215.0 |
               +--------+--------+--------+--------+--------+-----+--------+

Top non-repeatable levels by time:
     D:3: 1188 daAuts
     D:4: 1114 daAuts
     D:1: 847 daAuts
     D:2: 574 daAuts
  Temple: 215 daAuts
